 Dungeon Crawl Stone Soup version 0.29.1-2-gbd0b4ee654 (webtiles) character file.

Game seed: 6025809131917920211

10226 warriortoast the Destroyer (level 11, -2/85 HPs)
             Began as a Pale Draconian Conjurer on Nov 23, 2022.
             Was a Follower of Hepliaklqana.
             Slain by a skeletal warrior
             ... wielding a +0 mace
              (17 damage)
             ... on level 11 of the Dungeon.
             The game lasted 00:51:47 (14789 turns).

warriortoast the Destroyer (DrCj)                  Turns: 14789, Time: 00:51:47

Health: -2/85      AC: 15    Str: 15    XL:     11   Next: 33%
Magic:  2/22       EV: 16    Int: 19    God:    Hepliaklqana [*.....]
Gold:   257        SH:  0    Dex: 18    Spells: 10/24 levels left

rFire   . . .      SeeInvis .   K - +5 great sword
rCold   . . .      Faith    .   (shield currently unavailable)
rNeg    . . .      Spirit   .   (body armour unavailable)
rPois   .          Reflect  .   (helmet restricted)
rElec   .          Harm     .   t - +0 cloak
rCorr   .          Rampage  .   P - -1 pair of gloves of Valiance {Will+ Str+4}
Will    +....                   G - +2 pair of boots
Stlth   ++++......              (no amulet)
HPRegen 0.24/turn               r - +4 ring of protection
MPRegen 0.18/turn               E - +6 ring of dexterity

@: about to teleport, very slightly contaminated
A: reduced essence, breathe steam, AC +7, unfitting armour, cold-blooded, steam
resistance
a: Breathe Steam, Renounce Religion, Recall Ancestor, Ancestor Identity


You were on level 11 of the Dungeon.
You worshipped Hepliaklqana.
Hepliaklqana was aware of your devotion.
You visited 2 branches of the dungeon, and saw 12 of its levels.

You collected 561 gold pieces.
You spent 304 gold pieces at shops.

Inventory:

Hand Weapons
 c - a +0 hand axe
 j - a +1 whip of electrocution
 H - a +3 dagger
 J - a +2 whip of freezing
 K - a +5 great sword (weapon)
 L - a +3 spear of freezing
Armour
 p - a +0 buckler
 t - a +0 cloak (worn)
 v - a +0 pair of gloves
 G - a +2 pair of boots (worn)
 P - the -1 pair of gloves of Valiance (worn) {Will+ Str+4}
   (You bought it in a shop on level 10 of the Dungeon)

   Str:       It affects your strength (+4).
   Will:      It increases your willpower.
Jewellery
 r - a +4 ring of protection (left hand)
 E - a +6 ring of dexterity (right hand)
 R - a +4 ring of protection
Wands
 w - a wand of polymorph (6)
 y - a wand of light (10)
 N - a wand of iceblast (9)
 O - a wand of paralysis (1)
 Q - a wand of digging (5)
Scrolls
 b - 3 scrolls of fog
 e - a scroll of blinking {unknown}
 f - 3 scrolls of enchant armour {unknown}
 i - 5 scrolls of enchant weapon {unknown}
 k - 3 scrolls of acquirement {unknown}
 l - 3 scrolls of fear {unknown}
 n - 2 scrolls of silence {unknown}
 o - 3 scrolls of immolation {unknown}
 q - a scroll of teleportation
 s - a scroll of noise {unknown}
 x - 3 scrolls of poison {unknown}
 B - 2 scrolls of magic mapping {unknown}
 M - a scroll of identify
Potions
 a - 5 potions of magic
 d - 3 potions of cancellation
 g - 3 potions of curing
 h - a potion of mutation {unknown}
 m - 5 potions of attraction
 u - a potion of berserk rage {unknown}
 z - 2 potions of brilliance {unknown}
 A - a potion of haste {unknown}
 C - a potion of ambrosia {unknown}
 D - 2 potions of heal wounds {unknown}
 F - a potion of lignification {unknown}
 I - 4 potions of flight


   Skills:
 + Level 8.3 Fighting
 + Level 7.3 Dodging
 + Level 8.0 Stealth
 + Level 7.3 Spellcasting
 + Level 8.8 Conjurations
 + Level 3.5 Invocations
 + Level 3.6 Evocations


You had 10 spell levels left.
You knew the following spells:

 Your Spells              Type           Power      Damage    Failure   Level
a - Magic Dart            Conj           100%       1d8       1%          1
b - Dazzling Flash        Conj/Hex       46%        N/A       4%          3
c - Fulminant Prism       Conj/Hex       11%        3d9       16%         4
d - Searing Ray           Conj           80%        2d7       1%          2
e - Iskenderun's Mystic   Conj/Tloc      23%        2d6       16%         4

Your spell library contained the following spells:

 Spells                   Type           Power      Damage    Failure   Level
 Foxfire                  Conj/Fire      92%        2x1d8     1%          1
 Conjure Flame            Conj/Fire      23%        6-21      4%          3
 Slow                     Hex            24%        N/A       10%         1
 Flame Wave               Conj/Fire      23%        2d8       16%         4
 Sticky Flame             Conj/Fire      23%        2d4       16%         4
 Confusing Touch          Hex            6%         N/A       28%         3
 Frozen Ramparts          Ice            12%        1d2       28%         3
 Inner Flame              Hex/Fire       6%         N/A       28%         3
 Ozocubu's Armour         Ice            6%         N/A       28%         3
 Portal Projectile        Hex/Tloc       12%        N/A       28%         3
 Tukima's Dance           Hex            6%         N/A       28%         3
 Vampiric Draining        Necr           6%         2d6       28%         3
 Blade Hands              Tmut           3%         N/A       95%         5
 Metabolic Englaciation   Hex/Ice        3%         N/A       95%         5
 Simulacrum               Ice/Necr       3%         N/A       100%        6


Dungeon Overview and Level Annotations

Branches:
Dungeon (11/15)            Temple (1/1) D:7
   Lair: D:8-11         Orc: D:9-12

Altars:
Ashenzari
Cheibriados
Dithmenos
Elyvilon
Fedhas
Gozag
Hepliaklqana
Kikubaaqudgha
Makhleb
Nemelex Xobeh
Okawaru
Qazlal
Ru
Sif Muna
Trog
Uskayaw
Vehumet
Wu Jian
Xom
Yredelemnul
Zin
The Shining One

Shops:
D:7 :   D:9 (([[(   D:10 *

Annotations:
D:2 1 runed translucent door, Crazy Yiuf
D:3 2 transporters, sanboga's ghost, weakling MiMo


Innate Abilities, Weirdness & Mutations

Your life essence is reduced to manifest your ancestor. (-10% HP)
You can breathe blasts of scalding, opaque steam.
Your pale cyan-grey scales are hard. (AC +7)
You cannot fit into any form of body armour.
You are cold-blooded and may be slowed by cold attacks.
You are immune to the effects of steam.


Message History

Your fulminant prism crackles loudly.
The skeletal warrior attacks as you move away!
The skeletal warrior hits you with a +0 mace.
* * * LOW HITPOINT WARNING * * *
The skeletal warrior hits your fulminant prism with a +0 trident!!
Your fulminant prism explodes!
The blast of energy engulfs the skeletal warrior but does no damage.
The skeletal warrior is moderately damaged.
The blast of energy engulfs the skeletal warrior but does no damage.
The skeletal warrior is heavily damaged.
The blast of energy engulfs the skeletal warrior.
The skeletal warrior is moderately damaged.
Okay, then.
Okay, then.
Okay, then.
Casting: Fulminant Prism (dangerous; 16% risk of failure)
Confirm with . or Enter, or press ? or * to list all spells.
You erupt in a blast of force!
The mystic blast hits the skeletal warrior.
The skeletal warrior is severely damaged.
The skeletal warrior is knocked back by the mystic blast.
The mystic blast hits the skeletal warrior but does no damage.
The skeletal warrior is moderately damaged.
The skeletal warrior barely misses you.
Casting: Iskenderun's Mystic Blast (dangerous; 16% risk of failure)
Confirm with . or Enter, or press ? or * to list all spells.
You miscast Iskenderun's Mystic Blast.
You are very lightly contaminated with residual magic.
You are caught in a violent explosion!
* * * LOW HITPOINT WARNING * * *
Unknown command.
Casting: Iskenderun's Mystic Blast (dangerous; 16% risk of failure)
Confirm with . or Enter, or press ? or * to list all spells.
You don't have enough magic to cast this spell.
Unknown command.
As you read the scroll of teleportation, it crumbles to dust.
You feel strangely unstable.
The skeletal warrior completely misses you.
The skeletal warrior hits you with a +0 mace!
You die...

#.# .. #.# . #.# .
#.#### #####. #....#
#..##..... #)...#
#..##..... #zz..#
#..##..... #....#
#..##..... #.@z.#
#..##..... #....#
#..##.<... #....#
#..##.....
####....#####..##.....
#..^..............####
#...##..............#
....~.~~.~......^...#
~~~~~~.≈~.~.###.##..#
≈~~~~~~≈≈~~.# #.##..#


You could see 3 skeletal warriors.

Vanquished Creatures
  Erica (D:8)
  A two-headed ogre (D:9)
  Pikel (D:4)
  An orc knight (D:11)
  An unseen horror (D:10)
  Psyche (D:8)
  A troll (D:10)
  Prince Ribbit (D:6)
  A hornet (D:9)
  Sigmund (D:4)
  A vampire (D:10)
  2 wyverns
  10 yaks
  2 wraiths
  4 vampire mosquitoes (D:10)
  Menkaure (D:4)
  An acid dragon (D:9)
  2 ice beasts
  3 black bears
  2 ogres (D:4)
  8 orc warriors
  2 centaurs
  2 phantoms
  A lemure (D:5)
  5 bullfrogs
  A kobold brigand (D:8)
  6 scorpions
  7 wights
  6 killer bees (D:7)
  3 howler monkeys
  5 jellies
  2 orc priests
  4 hounds
  2 iguanas
  6 orc wizards
  A mummy (D:10)
  9 adders
  2 ufetubi
  4 worms
  2 dart slugs
  31 orcs
  3 endoplasms
  8 goblins
  6 hobgoblins
  7 jackals
  3 quokkas
  10 ball pythons
  7 bats
  5 frilled lizards
  11 kobolds
  8 rats
  A spectral orc (D:5)
216 creatures vanquished.

Vanquished Creatures (collateral kills)
  An orc warrior (D:10)
  3 orcs
4 creatures vanquished.

Vanquished Creatures (others)
  8 ancestors
  49 fulminant prisms
  7 fungi (D:11)
  9 plants (D:11)
73 creatures vanquished.

Grand Total: 293 creatures vanquished

Notes
Turn   | Place    | Note
-------+----------+-------------------------------------------
     0 | D:1      | warriortoast the Draconian Conjurer began the quest for the
                  | Orb.
     0 | D:1      | Reached XP level 1. HP: 14/14 MP: 3/3
   197 | D:1      | Reached XP level 2. HP: 12/22 MP: 0/5
   506 | D:1      | Found a faded altar of an unknown god.
   708 | D:1      | Reached skill level 1 in Fighting
   922 | D:2      | Reached XP level 3. HP: 28/28 MP: 0/6
  1536 | D:2      | Found a runed translucent door.
  1537 | D:2      | Noticed Crazy Yiuf
  1741 | D:2      | Reached XP level 4. HP: 35/35 MP: 3/7
  2896 | D:3      | Found a glowing golden altar of the Shining One.
  2992 | D:3      | Found a transporter.
  2992 | D:3      | Noticed sanboga's ghost (weakling MiMo)
  2995 | D:3      | Found a transporter.
  3186 | D:3      | Learned a level 3 spell: Dazzling Flash
  3191 | D:3      | Learned a level 4 spell: Fulminant Prism
  3303 | D:4      | Noticed Sigmund
  3323 | D:4      | Killed Sigmund
  3324 | D:4      | Reached XP level 5. HP: 34/42 MP: 3/9
  3324 | D:4      | Reached XP level 6. HP: 41/50 MP: 3/10
  3690 | D:4      | Learned a level 2 spell: Searing Ray
  3823 | D:4      | Noticed Menkaure
  3824 | D:4      | Reached skill level 5 in Conjurations
  3847 | D:4      | Killed Menkaure
  3848 | D:4      | Your scales start taking on a pale cyan-grey colour.
  3848 | D:4      | Reached XP level 7. HP: 16/57 MP: 2/12
  3848 | D:4      | Gained mutation: You are immune to the effects of steam.
                  | [Pale Draconian growth]
  4708 | D:5      | Entered Level 5 of the Dungeon
  4884 | D:5      | Found a shimmering altar of Xom.
  4887 | D:5      | Found a shimmering altar of Xom.
  4887 | D:5      | Found a shimmering altar of Xom.
  4891 | D:5      | Found a shimmering altar of Xom.
  4971 | D:5      | Found a shadowy altar of Dithmenos.
  5021 | D:5      | Found a bloodstained altar of Trog.
  5360 | D:5      | You fall into a shaft and drop 3 floors!
  5374 | D:8      | Noticed Psyche
  5390 | D:8      | Got the Enchiridion on Polar Embers
  5555 | D:8      | Noticed a vampire
  5640 | D:5      | Reached XP level 8. HP: 25/67 MP: 1/14
  6074 | D:6      | Found a stormy altar of Qazlal.
  6934 | D:5      | Reached skill level 5 in Stealth
  7010 | D:5      | Noticed Pikel
  7156 | D:5      | Reached skill level 5 in Fighting
  7333 | D:4      | Killed Pikel
  7334 | D:4      | Reached skill level 5 in Dodging
  7334 | D:4      | Reached skill level 5 in Spellcasting
  7334 | D:4      | Reached XP level 9. HP: 28/74 MP: 1/16
  7965 | D:5      | Found a basalt altar of Yredelemnul.
  8329 | D:6      | Found a white marble altar of Elyvilon.
  8356 | D:6      | Noticed Prince Ribbit
  8365 | D:6      | Killed Prince Ribbit
  8507 | D:7      | Found Bet Nufa's Vocational Training.
  8923 | D:7      | Found a staircase to the Ecumenical Temple.
  8975 | Temple   | Entered the Ecumenical Temple
  9046 | Temple   | Became a worshipper of Hepliaklqana the Forgotten
  9449 | D:7      | Found a broken altar of Ashenzari.
 10116 | D:8      | Noticed Erica
 10133 | D:8      | Reached XP level 10. HP: 70/84 MP: 8/19
 10422 | D:8      | Learned a level 4 spell: Iskenderun's Mystic Blast
 10427 | D:8      | Killed Erica
 10923 | D:8      | Killed Psyche
 11344 | D:9      | Found Heucox's Antique Armour Shoppe.
 11354 | D:9      | Noticed a two-headed ogre
 11399 | D:9      | Killed a two-headed ogre
 11400 | D:9      | Reached skill level 1 in Invocations
 11400 | D:9      | Reached skill level 1 in Evocations
 11611 | D:9      | Found Xekkam's Armour Shop.
 11672 | D:9      | Found Xoon's Weapon Boutique.
 11991 | D:9      | Found Dabyw's Antique Weapon Shoppe.
 11999 | D:9      | Found Bieptiph's Antique Weapon Boutique.
 12129 | D:9      | Reached * piety under Hepliaklqana
 12263 | D:10     | Entered Level 10 of the Dungeon
 12841 | D:10     | Reached XP level 11. HP: 52/84 MP: 9/21
 13605 | D:10     | Found a snail-covered altar of Cheibriados.
 13814 | D:10     | Found Uhanir's Assorted Antiques.
 13818 | D:10     | Bought a pair of jewelled gloves for 304 gold pieces
 13818 | D:10     | Identified the -1 pair of gloves of Valiance {Will+ Str+4}
                  | (You bought it in a shop on level 10 of the Dungeon)
 14019 | D:11     | Noticed a skeletal warrior
 14449 | D:11     | Noticed a skeletal warrior
 14507 | D:11     | Noticed a skeletal warrior
 14617 | D:11     | Noticed an orc knight
 14701 | D:11     | Killed an orc knight
 14762 | D:11     | Noticed a skeletal warrior
 14789 | D:11     | Slain by a skeletal warrior

Illustrated notes

Levels and vault maps discovered:
D:1:      ebering_hopf_link, layout_basic, ebering_ecumenical_altar_abandoned
D:2:      layout_rooms, uniq_crazy_yiuf_cottage
D:3:      layout_basic, nicolae_tso_swordbearing_angel, gammafunk_ghost_arena
D:4:      layout_basic, uniq_sigmund, uniq_menkaure
D:5:      layout_basic, xom_redecorated, yredelemnul_forgotten_temple_becter,
          mainiacjoe_overflow_catwalk_spiral, minmay_quadrilaterals, uniq_pikel
D:6:      layout_basic, mainiacjoe_overflow_catwalk, grunt_qazlal_sundering,
          uniq_prince_ribbit1
D:7:      layout_rooms, nicolae_overflow_hidden_temple,
          lemuel_temple_firewalk_b, hangedman_abyss_or_decor_lesser_grid,
          nicolae_shop_vocational
D:8:      layout_loops_ring, uniq_erica, uniq_psyche
D:9:      layout_roguey, serial_shops, shop, nicolae_shop_statue_plus,
          nicolae_take_the_stairs, nicolae_shop_bloodbath_and_beyond,
          nicolae_shop_stone, kennysheep_generic_room_15
D:10:     layout_loops_cross, slow_altar_2, serial_shops, shop
D:11:     layout_long_grid, grunt_lair_entry_orc_guard_hut, david_orc_5,
          serial_rivers, chequers_serial_rivers_small_3,
          chequers_serial_rivers_micro_d, chequers_serial_rivers_micro_a,
          chequers_serial_rivers_large_a, minmay_liquid_box,
          ashenzari_conservatory_becter
Temple:   compressed_dpeg_triangle_lava_temple

Skill      XL: |  1  2  3  4  5  6  7  8  9 10 11 |
---------------+----------------------------------+-----
Stealth        | 2 3 4 5 6 7 8 |  8.0
Dodging        | 2 3 4 5 6 7 |  7.3
Fighting       | 1 2 3 4 5 6 8 |  8.3
Spellcasting   | 3 4 5 6 7 |  7.3
Conjurations   | 5 6 7 8 |  8.8
Invocations    | 2 3 |  3.5
Evocations     | 2 3 |  3.6

Action                   |  1- 3 |  4- 6 |  7- 9 | 10-12 || total
-------------------------+-------+-------+-------+-------++-------
Melee: Hand axe          |     5 |       |       |       ||     5
       Whip              |    18 |    47 |    75 |       ||   140
       Tailslap          |     1 |     6 |    11 |    12 ||    30
       Punch             |       |       |     1 |       ||     1
       Great sword       |       |       |    22 |    85 ||   107
 Cast: Magic Dart        |    76 |    95 |   119 |    48 ||   338
       Searing Ray       |       |       |    30 |     6 ||    36
       Fulminant Prism   |       |       |    12 |    37 ||    49
       Dazzling Flash    |       |       |       |     1 ||     1
       Iskenderun's Myst |       |       |       |     1 ||     1
Invok: Ancestor Identity |       |       |       |     1 ||     1
 Abil: Breathe Steam     |       |       |     6 |     7 ||    13
  Use: Scroll            |       |       |     6 |     3 ||     9
       Potion            |       |       |     2 |       ||     2
 Stab: Sleeping          |       |       |     6 |     1 ||     7
       Distracted        |       |       |     1 |       ||     1
Armor: Skin              |    14 |    24 |   136 |    76 ||   250
Dodge: Dodged            |    27 |    39 |   176 |   150 ||   392
